 459 Aisha the Conjurer (level 7, -1/55 HPs)
             Began as a Naga Wizard on Oct 2, 2019.
             Was a Follower of Nemelex Xobeh.
             Shot with an arrow by a centaur (9 damage)
             ... on level 5 of the Dungeon.
             The game lasted 00:12:54 (4152 turns).

Aisha the Conjurer (Naga Wizard)                    Turns: 4152, Time: 00:12:55

Health: -1/55      AC:  3    Str:  9    XL:     7   Next: 6%
Magic:  10/12      EV: 10    Int: 20    God:    Nemelex Xobeh [*.....]
Gold:   123        SH:  0    Dex: 10    Spells: 2/13 levels left

rFire    . . .     SeeInvis +   j - +0 dagger
rCold    + . .     Gourm    .   (no shield)
rNeg     . . .     Faith    .   a - +0 robe
rPois    +         Spirit   .   b - +0 hat
rElec    .         Reflect  .   (no cloak)
rCorr    .         Harm     .   (no gloves)
MR       .....                  (no barding)
Stlth    +++.......             (no amulet)
HPRegen  0.18/turn              (no ring)
MPRegen  0.13/turn              (no ring)

@: very slow
A: large, see invisible, cold resistance 1, deformed body, sense surroundings 1,
poison resistance, slowness 2, slow metabolism 1, spit poison 1, subdued magic
1, AC +2
a: Spit Poison, Draw Escape, Draw Destruction, Draw Summoning, Renounce Religion


Innate Abilities, Weirdness & Mutations

You cannot wear boots.
Your serpentine skin is tough. (AC +2)
You have supernaturally acute eyesight. (SInv)
Armour fits poorly on your strangely shaped body.
Your system is resistant to poisons. (rPois)
You cover ground very slowly.
You have a slow metabolism.
You can spit poison.
Your flesh is cold resistant. (rC+)
You passively map a small area around you.
Your spells are a little easier to cast, but a little less powerful.


   Skills:
 - Level 1.5 Dodging
 + Level 4.9 Stealth
 + Level 3.8 Spellcasting
 * Level 5.5 Conjurations
 - Level 1.0 Summonings
 - Level 1.0 Translocations
 + Level 2.3 Invocations


You had 2 spell levels left.
You knew the following spells:

 Your Spells              Type           Power        Failure   Level  Hunger
c - Call Imp              Summ           #.......     11%         2    ##.....
f - Conjure Flame         Conj/Fire      ##......     11%         3    ###....
m - Mephitic Cloud        Conj/Pois/Air  #.......     16%         3    ###....
z - Magic Dart            Conj           ###.         1%          1    None
I - Blink                 Tloc           N/A          11%         2    ##.....

Your spell library contained the following spells:

 Spells                   Type           Power        Failure   Level  Hunger
 Slow                     Hex            #.......     17%         2    ##.....

Inventory:

Hand Weapons
 j - a +0 dagger (weapon)
Missiles
 c - 42 sling bullets
Armour
 a - a +0 robe (worn)
 b - a +0 hat (worn)
 m - a +0 pair of gloves
 o - a +0 leather armour
 r - a +1 helmet
Jewellery
 e - a +1 ring of protection {unknown}
 l - an uncursed amulet of magic regeneration {unknown}
Scrolls
 g - a scroll of remove curse {unknown}
 h - 6 scrolls of identify {unknown}
 n - a scroll of random uselessness {unknown}
 t - a scroll of enchant weapon {unknown}
 v - a scroll of magic mapping {unknown}
Potions
 f - 4 potions of curing {unknown}
 i - a potion of ambrosia {unknown}
 k - a potion of lignification {unknown}
 p - a potion of flight {unknown}
 q - a potion of haste {unknown}
 s - a potion of heal wounds {unknown}
 u - a potion of magic {unknown}
Comestibles
 d - 2 rations {@e1}
 w - 3 chunks of flesh


Message History

A centaur is nearby!
A centaur is nearby!
A centaur is nearby!
Casting: Magic Dart (safe; 1% risk of failure)
Confirm with . or Enter, or press ? or * to list all spells.
Okay, then.
The centaur unwields a +0 quarterstaff.
The centaur wields a +0 shortbow.
The centaur shoots an arrow.
The arrow closely misses you.
You see here an arrow.
Casting: Magic Dart (safe; 1% risk of failure)
Confirm with . or Enter, or press ? or * to list all spells.
Aiming: Magic Dart (safe; 1% risk of failure)
Press: ? - help, Shift-Dir - straight line, f - centaur
Aim: a centaur, wielding a +0 shortbow
Okay, then.
Casting: Magic Dart (safe; 1% risk of failure)
Confirm with . or Enter, or press ? or * to list all spells.
A beastly little devil appears in a puff of flame.
The centaur shoots an arrow.
The arrow hits you!
The centaur shoots an arrow.
The arrow hits you!
* * * LOW HITPOINT WARNING * * *
You see here 2 arrows.
The centaur shoots an arrow.
The arrow hits your crimson imp!
Your crimson imp dies!
You see here an arrow.
The centaur shoots an arrow.
The arrow hits you!
* * * LOW HITPOINT WARNING * * *
The centaur shoots an arrow.
The arrow hits you!
You die...
Your body disappears without a glow.

Skill      XL: |  1  2  3  4  5  6 |
---------------+-------------------+-----
Conjurations   | 2 3 4 5 |  5.5
Invocations    | 1 2 |  2.3
Stealth        | 4 |  4.9
Dodging        | |  1.5
Spellcasting   | |  3.8
Summonings     | |  1.0
Translocations | |  1.0

Action                   |  1- 3 |  4- 6 |  7- 9 || total
-------------------------+-------+-------+-------++-------
Melee: Unarmed           |     1 |    17 |       ||    18
       Dagger            |       |    32 |     1 ||    33
 Cast: Magic Dart        |    46 |   117 |    20 ||   183
       Call Imp          |       |     6 |     1 ||     7
       Conjure Flame     |       |     1 |       ||     1
       Mephitic Cloud    |       |       |     1 ||     1
 Abil: Spit Poison       |    12 |    27 |     6 ||    45
  Use: Potion            |     2 |       |       ||     2
 Stab: Distracted        |       |     2 |       ||     2
  Eat: Chunk             |       |     8 |       ||     8
       Ration            |       |       |     1 ||     1
Armor: Robe              |     4 |    22 |     2 ||    28
Dodge: Dodged            |    15 |    57 |     6 ||    78

Notes
Turn   | Place    | Note
-------+----------+-------------------------------------------
     0 | D:1      | Aisha the Naga Wizard began the quest for the Orb.
     0 | D:1      | Reached XP level 1. HP: 15/15 MP: 4/4
   458 | D:1      | Reached XP level 2. HP: 22/22 MP: 3/6
   490 | D:1      | Reached skill level 2 in Conjurations
   890 | D:1      | Learned a level 2 spell: Blink
   893 | D:1      | Learned a level 2 spell: Call Imp
   908 | D:2      | Reached XP level 3. HP: 28/28 MP: 3/7
   913 | D:2      | Learned a level 3 spell: Conjure Flame
   929 | D:2      | Reached skill level 3 in Conjurations
  1054 | D:2      | Gained mutation: You passively map a small area around you.
                  | [potion of mutation]
  1054 | D:2      | Gained mutation: Your spells are a little easier to cast,
                  | but a little less powerful. [potion of mutation]
  1054 | D:2      | Gained mutation: Your flesh is cold resistant. (rC+)
                  | [potion of mutation]
  1067 | D:2      | Reached XP level 4. HP: 5/36 MP: 6/8
  1348 | D:2      | Reached skill level 4 in Conjurations
  2551 | D:4      | Found a sparkling altar of Nemelex Xobeh.
  2579 | D:4      | Became a worshipper of Nemelex Xobeh the Trickster
  2616 | D:4      | Reached XP level 5. HP: 38/42 MP: 3/9
  2833 | D:4      | Reached skill level 1 in Invocations
  2963 | D:4      | Received a gift from Nemelex Xobeh
  2988 | D:4      | Reached skill level 4 in Stealth
  2988 | D:4      | Reached XP level 6. HP: 43/49 MP: 3/11
  3004 | D:4      | Reached skill level 5 in Conjurations
  3418 | D:4      | Learned a level 3 spell: Mephitic Cloud
  3430 | D:4      | Reached skill level 2 in Invocations
  3591 | D:5      | Entered Level 5 of the Dungeon
  3638 | D:5      | Reached XP level 7. HP: 55/55 MP: 3/12
  3759 | D:5      | Reached * piety under Nemelex Xobeh
  4152 | D:5      | Shot with an arrow by a centaur

Vanquished Creatures
  A scorpion (D:4)
  2 howler monkeys
  An orc priest (D:4)
  A centaur skeleton (D:4)
  An iguana (D:4)
  A worker ant (D:4)
  A hound zombie (D:5)
  4 gnolls (D:2)
  2 adders
  A shadow imp (D:5)
  3 adder skeletons
  A worm (D:4)
  A dart slug (D:2)
  4 leopard geckos
  3 orcs (D:4)
  9 bats
  5 giant cockroaches
  5 goblins
  9 hobgoblins
  7 jackals
  A quokka (D:4)
  A frilled lizard (D:5)
  4 kobolds
  6 rats
74 creatures vanquished.

Vanquished Creatures (collateral kills)
  An ogre (D:4)
  A dart slug (D:4)
  5 jackals (D:4)
7 creatures vanquished.

Grand Total: 81 creatures vanquished
